 Dungeon Crawl Stone Soup version 0.17.0-73-gb648821 (webtiles) character file.

669 Fuzzybunny the Ruffian (level 7, -5/56 HPs)
             Began as a Pale Draconian Transmuter on Dec 9, 2015.
             Was an Initiate of Okawaru.
             Killed from afar by an electric eel (9 damage)
             ... with a bolt of electricity
             ... on level 6 of the Dungeon.
             The game lasted 00:25:54 (7473 turns).

Fuzzybunny the Ruffian (Pale Draconian Transmuter)  Turns: 7473, Time: 00:25:55

Health: -5/56      AC:  7    Str: 12    XL:     7   Next: 32%
Magic:  11/11      EV: 13    Int: 16    God:    Okawaru [......]
Gold:   273        SH:  0    Dex: 11    Spells: 3 memorised, 3 levels left

rFire  + . .     SeeInvis +       - Unarmed
rCold  . . .     Clarity  .     (armour unavailable)
rNeg   . . .     SustAt   .     (no shield)
rPois  .         Gourm    .     (helmet restricted)
rElec  .         Spirit   .     (no cloak)
rCorr  .         Warding  .     (no gloves)
rMut   .         Stasis   .     g - +0 pair of boots
MR     .....                    (no amulet)
Stlth  +.........               i - ring of protection from fire
                                e - ring of see invisible

@: not resistant to hostile enchantments, very unstealthy
A: breathe steam, unfitting armour, cold-blooded, AC +6
a: Breathe Steam, Renounce Religion


You were on level 6 of the Dungeon.
You worshipped Okawaru.
Okawaru was noncommittal.
You were very hungry.

You visited 2 branches of the dungeon, and saw 7 of its levels.

You collected 273 gold pieces.

Inventory:

Missiles
 a - 27 arrows
Armour
 g - a +0 pair of boots (worn)
Jewellery
 e - a ring of see invisible (left hand)
 i - a ring of protection from fire (right hand)
 t - an uncursed amulet of guardian spirit
Wands
 y - a wand of polymorph (15)
Scrolls
 d - 2 scrolls of enchant armour {unknown}
 h - 2 scrolls of enchant weapon
 j - a scroll of immolation {unknown}
 l - 3 scrolls of teleportation {unknown}
 m - 5 scrolls of identify
 o - 4 scrolls of remove curse
 r - a scroll of fear
 u - a scroll of random uselessness {unknown}
 w - a scroll of noise {unknown}
 x - a scroll of fog {unknown}
Potions
 f - 2 potions of cancellation
 k - 3 potions of heal wounds {unknown}
 p - a potion of poison {unknown}
 q - 2 potions of might {unknown}
 s - 2 potions of agility {unknown}
 z - 2 potions of curing
Books
 b - a book of Changes

   Spells                             Type                      Level
   a - Beastly Appendage              Transmutation                1
   b - Sticks to Snakes               Transmutation                2
   c - Spider Form                    Transmutation/Poison         3
   d - Ice Form                       Ice/Transmutation            4
   e - Blade Hands                    Transmutation                5
Comestibles
 c - 3 bread rations
 n - a royal jelly
 v - 2 meat rations
 A - 2 chunks of flesh
 B - 4 fruits


   Skills:
 + Level 2.8 Fighting
 + Level 3.5 Dodging
 + Level 1.4 Stealth
 + Level 4.9 Unarmed Combat
 + Level 2.9 Spellcasting
 + Level 3.9 Transmutations
 * Level 2.3 Ice Magic
 - Level 1.1 Poison Magic


You had 3 spell levels left.
You knew the following spells:

 Your Spells              Type           Power        Failure   Level  Hunger
a - Beastly Appendage     Trmt           ##....       4%          1    #......
b - Spider Form           Trmt/Pois      ##........   21%         3    ###....
c - Ice Form              Ice/Trmt       ##......     63%         4    #####..


Dungeon Overview and Level Annotations

Branches:
Dungeon (6/15)             Temple (1/1) D:6

Altars:
Ashenzari
Cheibriados
Dithmenos
Elyvilon
Fedhas
Gozag
Kikubaaqudgha
Nemelex Xobeh
Okawaru
Qazlal
Sif Muna
Trog
Vehumet
Yredelemnul
The Shining One


Innate Abilities, Weirdness & Mutations

You can breathe blasts of scalding, opaque steam.
Your pale cyan-grey scales are hard (AC +6).
Your body does not fit into most forms of armour.
You are cold-blooded and may be slowed by cold attacks.


Message History

You now have 273 gold pieces (gained 13).
You open the door.
There is an open door here.
You open the door.
Found a snail-covered altar of Cheibriados.
There is an open door here.
There is a snail-covered altar of Cheibriados here.
You open the door.
There is an open door here.
An electric eel comes into view.
The electric eel shoots out a bolt of lightning at you!
The bolt of electricity hits you! The bolt of electricity misses you.
The electric eel shoots out a bolt of lightning at you!
The bolt of electricity hits you!
The electric eel shoots out a bolt of lightning at you!
The bolt of electricity hits you! x2
* * * LOW HITPOINT WARNING * * *
The electric eel shoots out a bolt of lightning at you!
The bolt of electricity hits you!
You die...

###'####.........
#≈≈.≈§###'#####..
###§§.⌠≈#....+ ..
#.'§§§..'....# ..
#§#≈⌠§⌠≈##..## ..
##.#≈≈.≈≈###'# ##
#..###'####....
#####.#.#.....#.....
#......@..............
#.....................
#≈≈≈≈≈≈.≈≈≈≈≈≈≈.≈≈≈.≈≈
#≈≈≈≈≈≈≈≈≈≈≈≈≈≈≈≈≈
#≈≈≈≈≈≈≈≈≈≈≈≈;≈≈≈≈
#≈≈≈≈≈≈≈#####≈≈≈≈≈
#≈≈≈≈≈≈≈# #####
#≈≈≈≈≈≈≈#


You could see an electric eel.

Vanquished Creatures
  2 ice beasts
  2 giant frog skeletons (D:5)
  A jelly (D:5)
  An orc priest (D:5)
  3 worker ants
  An orc wizard (D:5)
  2 iguanas
  A worker ant zombie (D:5)
  12 adders
  2 oozes
  An adder skeleton (D:4)
  2 worms
  3 giant geckos
  6 orcs
  5 giant cockroaches
  9 goblins
  4 hobgoblins
  3 jackals (D:4)
  2 quokkas
  A ball python (D:3)
  A ball python skeleton (D:4)
  2 bats (D:2)
  A jackal skeleton (D:5)
  9 kobolds
  A quokka skeleton (D:4)
  4 rats
  A spectral orc (D:4)
82 creatures vanquished.

Notes
Turn   | Place    | Note
--------------------------------------------------------------
     0 | D:1      | Fuzzybunny the Draconian Transmuter began the quest for the Orb.
     0 | D:1      | Reached XP level 1. HP: 16/16 MP: 3/3
   375 | D:1      | Reached XP level 2. HP: 23/23 MP: 5/5
   873 | D:1      | Reached XP level 3. HP: 17/28 MP: 4/6
  1358 | D:2      | Learned a level 3 spell: Spider Form
  1491 | D:2      | Found a bloodstained altar of Trog.
  2299 | D:3      | Reached XP level 4. HP: 35/35 MP: 0/7
  2696 | D:3      | Found a blossoming altar of Fedhas.
  3178 | D:4      | Found a white marble altar of Elyvilon.
  3322 | D:4      | Reached skill level 1 in Poison Magic
  3832 | D:5      | Entered Level 5 of the Dungeon
  3860 | D:5      | Reached XP level 5. HP: 18/41 MP: 1/8
  4040 | D:5      | Learned a level 4 spell: Ice Form
  4065 | D:5      | Noticed an ice beast
  4090 | D:5      | Killed an ice beast
  4090 | D:5      | Reached skill level 4 in Unarmed Combat
  4343 | D:5      | Reached XP level 6. HP: 36/48 MP: 6/10
  4571 | D:5      | Reached skill level 1 in Ice Magic
  5052 | D:5      | Found a bloodstained altar of Trog.
  5056 | D:5      | Found a shadowy altar of Dithmenos.
  5616 | D:5      | Found a deep blue altar of Sif Muna.
  5908 | D:6      | Found a staircase to the Ecumenical Temple.
  5912 | D:6      | Noticed a wyvern
  5916 | Temple   | Entered the Ecumenical Temple
  6015 | Temple   | Became a worshipper of Warmaster Okawaru
  6359 | D:4      | Your scales start taking on a pale cyan-grey colour.
  6359 | D:4      | Reached XP level 7. HP: 56/56 MP: 7/11
  6684 | D:4      | Found a basalt altar of Yredelemnul.
  6696 | D:4      | Reached skill level 1 in Stealth
  7305 | D:6      | Found a glowing golden altar of the Shining One.
  7414 | D:6      | Found an opulent altar of Gozag.
  7451 | D:6      | Found a snail-covered altar of Cheibriados.
  7473 | D:6      | Killed from afar by an electric eel

Action                   |  1- 3 |  4- 6 |  7- 9 || total
-------------------------+-------+-------+-------++-------
Melee: Unarmed           |   108 |   211 |    31 ||   350
 Cast: Beastly Appendage |     7 |       |       ||     7
       Spider Form       |     4 |    25 |     2 ||    31
 Abil: Breathe Steam     |       |       |     1 ||     1
  Use: Potion            |     3 |     2 |       ||     5
       Scroll            |       |    10 |       ||    10
 Stab: Sleeping          |     1 |     1 |       ||     2
  Eat: Chunk             |     4 |     9 |     4 ||    17
       Fruit             |     2 |     1 |       ||     3
       Bread ration      |       |     1 |       ||     1
